 Dungeon Crawl Stone Soup version 0.30.0-19-g36f170ea60 (webtiles) character file.

Game seed: 1181480785526349941

320 meatpath the Trooper (level 6, -2/40 HPs)
             Began as a Gargoyle Fighter on May 28, 2023.
             Was an Initiate of Okawaru.
             Slain by a gnoll sergeant
             ... wielding a +0 trident
              (7 damage)
             ... on level 4 of the Dungeon.
             The game lasted 00:06:20 (3358 turns).

meatpath the Trooper (Gargoyle Fighter)             Turns: 3358, Time: 00:06:21

Health: -2/40      AC: 11    Str: 21    XL:     6   Next: 46%
Magic:  6/6        EV:  9    Int:  9    God:    Okawaru [......]
Gold:   255        SH:  4    Dex:  9    Spells: 0/5 levels left

rFire   . . .        a - +0 flail
rCold   . . .        c - +0 buckler
rNeg    + . .        b - +0 scale mail
rPois   ∞            (no helmet)
rElec   +            (no cloak)
rCorr   .            (no gloves)
SInv    .            (no boots)
Will    .....        (no amulet) Stlth
                     (no ring)
HPRegen 0.26/turn    (no ring)
MPRegen 0.10/turn

%: no passive effects
@: no status effects
A: sickness immunity, AC +4, negative energy resistance 1, electricity
resistance, torment resistance 1, petrification resistance
a: Renounce Religion


You were on level 4 of the Dungeon.
You worshipped Okawaru.
Okawaru was noncommittal.
You visited 1 branch of the dungeon, and saw 4 of its levels.

You collected 255 gold pieces.

Inventory:

Hand Weapons
 a - a +0 flail (weapon)
Armour
 b - a +0 scale mail (worn)
 c - a +0 buckler (worn)
Jewellery
 d - a ring of magical power
 m - a ring of magical power
Scrolls
 e - a scroll of poison
 f - a scroll of teleportation
 g - a scroll of brand weapon {unknown}
 k - a scroll of noise
 l - a scroll of amnesia {unknown}
 n - a scroll of silence
 o - a scroll of magic mapping {unknown}
 p - a scroll of enchant armour {unknown}
Potions
 h - a potion of mutation {unknown}
 j - 2 potions of lignification {unknown}
 q - 2 potions of brilliance {unknown}
 r - a potion of heal wounds {unknown}
 s - a potion of curing
 t - 2 potions of flight {unknown}
 u - a potion of haste {unknown}


   Skills:
 + Level 5.2 Fighting
 + Level 4.1 Maces & Flails
 - Level 3.2 Armour
 + Level 0.5 Dodging
 - Level 5.0 Shields


You couldn't memorise any spells.
You knew the following spells:

 Your Spells              Type           Power      Damage    Failure   Level
a - Irradiate             Conj/Tmut      0%         3d11      100%        5

Your spell library contained the following spells:

 Spells                   Type           Power      Damage    Failure   Level
 Inner Flame              Hex/Fire       0%         N/A       99%         3
 Petrify                  Tmut/Erth      0%         N/A       100%        4
 Yara's Violent Unravell  Hex/Tmut       0%         3d3       100%        5
 Enfeeble                 Hex            0%         N/A       100%        7
 Sublimation of Blood     Necr           Unusable   N/A       N/A         2

Dungeon Overview and Level Annotations

Branches:
Dungeon (4/15)
 Temple: D:4-7

Altars:
Cheibriados
Okawaru
Xom


Innate Abilities, Weirdness & Mutations

You are immune to sickness and miasma.
Your stone body is resilient. (AC +4)
You are immune to poison.
You resist negative energy. (rN+)
You are resistant to electric shocks. (rElec)
You are resistant to unholy torment.
You are immune to petrification.


Message History

a +0 flail; a +0 flail; a gnoll corpse
There is a stone staircase leading down here.
You climb downwards.
There is a stone staircase leading up here.
Okay, then.
The gnoll sergeant hits you from afar with a +0 trident.
The gnoll sergeant hits you with a +0 trident.
You hit the gnoll sergeant.
The gnoll sergeant is lightly wounded.
You block the gnoll sergeant's attack.
You sock the gnoll sergeant!
The gnoll sergeant is heavily wounded.
The gnoll sergeant closely misses you.
You closely miss the gnoll sergeant.
The gnoll sergeant is heavily wounded.
The gnoll sergeant hits you with a +0 trident.
You hit the gnoll sergeant.
The gnoll sergeant is heavily wounded.
The gnoll sergeant hits you with a +0 trident!
You hit the gnoll sergeant.
The gnoll sergeant is heavily wounded.
The gnoll sergeant closely misses you. The gnoll sergeant barely misses you.
You barely miss the gnoll sergeant.
The gnoll sergeant is heavily wounded.
The gnoll sergeant hits you with a +0 trident!
* * * LOW HITPOINT WARNING * * *
You hit the gnoll sergeant but do no damage.
The gnoll sergeant is heavily wounded.
The gnoll sergeant barely misses you. The gnoll sergeant blocks your attack.
The gnoll sergeant is heavily wounded.
The gnoll sergeant hits you but does no damage.
You hit the gnoll sergeant but do no damage.
The gnoll sergeant is heavily wounded.
The gnoll sergeant hits you with a +0 trident.
* * * LOW HITPOINT WARNING * * *
The air fills with toxic fumes!
As you read the scroll of poison, it crumbles to dust.
The gnoll sergeant hits you with a +0 trident!
You die...

#....#... §§
###......## §§##
#########..........
§§§##§§§§§§§#...g......
#§§#§§§§§§§#§.........
##§§§§§§§§§§§........g
..§§§§§§§§§#####......
####§§g§§§§§§.........
#§@§§§§§##..###.#..
#§§§§§§§## ## #....
#§§§§§§§§# ####.
###§§#§#§§.# ...
#.§§§.#.§.... ...
#.§#####..##. ... #.§§
.... ..§§ ###. ......


You could see a gnoll sergeant.

Vanquished Creatures
  Grinder (D:3)
  An orc wizard (D:3)
  3 gnolls (D:3)
  3 adders
  2 worms
  2 dart slugs
  3 orcs (D:3)
  2 ball pythons (D:1)
  3 endoplasms
  A goblin (D:1)
  6 hobgoblins
  2 jackals (D:3)
  3 quokkas
  3 bats
  4 frilled lizards
  8 kobolds
  2 rats (D:2)
49 creatures vanquished.

Notes
Turn   | Place    | Note
-------+----------+-------------------------------------------
     0 | D:1      | meatpath the Gargoyle Fighter began the quest for the Orb.
     0 | D:1      | Reached XP level 1. HP: 14/14 MP: 1/1
   195 | D:1      | You fall into a shaft and drop 1 floor!
   286 | D:1      | Reached XP level 2. HP: 19/19 MP: 2/2
  1558 | D:2      | Reached XP level 3. HP: 24/24 MP: 3/3
  2143 | D:3      | Found a shimmering altar of Xom.
  2184 | D:3      | Found a snail-covered altar of Cheibriados.
  2368 | D:3      | Reached XP level 4. HP: 23/29 MP: 4/4
  2433 | D:3      | Found an iron altar of Okawaru.
  2434 | D:3      | Noticed Grinder
  2451 | D:3      | Paralysed by Grinder for 2 turns
  2455 | D:3      | Killed Grinder
  2456 | D:3      | Reached skill level 5 in Fighting
  2456 | D:3      | Reached skill level 5 in Shields
  2456 | D:3      | Reached XP level 5. HP: 28/35 MP: 5/5
  2456 | D:3      | Reached XP level 6. HP: 32/40 MP: 6/6
  2458 | D:3      | Became a worshipper of Warmaster Okawaru
  2919 | D:4      | Learned a level 5 spell: Irradiate
  3358 | D:4      | Slain by a gnoll sergeant

Illustrated notes

Levels and vault maps discovered:
D:1:      dpeg_arrival_rooms_b, layout_basic
D:2:      layout_basic, grunt_decor_fettered
D:3:      layout_rooms, nicolae_overflow_crystal_walls,
          mainiacjoe_overflow_large_starburst, kennysheep_minor_cross,
          uniq_grinder
D:4:      layout_rooms, minmay_temple_entry_stoned_glass,
          amcnicky_mini_rare_corridor_liquid,
          nicolae_concentric_dashed_squares_mild

Skill      XL: |  1  2  3  4  5  6 |
---------------+-------------------+-----
Fighting       | 4 5 |  5.2
Maces & Flails | 3 4 |  4.1
Shields        | 4 5 |  5.0
Armour         | |  3.2
Dodging        | |  0.5

Action                     |  1- 3 |  4- 6 || total
---------------------------+-------+-------++-------
  Melee: Flail             |   103 |    94 ||   197
    Use: Scroll            |     3 |     4 ||     7
         Potion            |       |     1 ||     1
 Armour: Scale mail        |    51 |    49 ||   100
  Dodge: Dodged            |    48 |    43 ||    91
  Block: Buckler           |    19 |    16 ||    35
